 Dungeon Crawl Stone Soup version 0.28-a0-1233-g92def6ad0a (webtiles) character file.

Game seed: 27136141700489143

11 ChaosChampion the Skirmisher (level 2, -1/31 HPs)
             Began as an Ogre Warper on Dec 23, 2021.
             Slain by a kobold (4 damage)
             ... on level 1 of the Dungeon.
             The game lasted 00:00:25 (530 turns).

ChaosChampion the Skirmisher (Ogre Warper)           Turns: 530, Time: 00:00:26

Health: -1/31      AC:  3    Str: 14    XL:     2   Next: 29%
Magic:  5/5        EV:  9    Int: 14    God:
Gold:   0          SH:  0    Dex:  8    Spells: 3/5 levels left

rFire   . . .      SeeInvis .   a - +0 mace
rCold   . . .      Faith    .   (no shield)
rNeg    . . .      Spirit   .   b - +0 robe
rPois   .          Reflect  .   (helmet restricted)
rElec   .          Harm     .   (no cloak)
rCorr   .          Rampage  .   (gloves unavailable)
Will    .....                   (boots unavailable)
Stlth   +.........              (no amulet)
HPRegen 0.10/turn               (no ring)
MPRegen 0.09/turn               (no ring)

@: lethally poisoned (-1 -> -18)
A: large, unfitting armour, tough skin 1
a: no special abilities


You were on level 1 of the Dungeon.
You visited 1 branch of the dungeon, and saw 1 of its levels.

Inventory:

Hand Weapons
 a - a +0 mace (weapon)
Missiles
 d - 5 boomerangs of dispersal (quivered)
Armour
 b - a +0 robe (worn)
Scrolls
 c - a scroll of blinking
 f - a scroll of teleportation {unknown}
Potions
 e - a potion of might {unknown}


   Skills:
 * Level 3.5 Fighting
 + Level 2.1 Maces & Flails
 - Level 1.0 Throwing
 - Level 2.1 Dodging
 - Level 2.4 Spellcasting
 - Level 2.6 Translocations


You had 3 spell levels left.
You knew the following spells:

 Your Spells              Type           Power      Damage    Failure   Level
z - Blink                 Tloc           18%        N/A       12%         2

Your spell library contained the following spells:

 Spells                   Type           Power      Damage    Failure   Level
 Gell's Gravitas          Tloc           9%         N/A       22%         3
 Lesser Beckoning         Tloc           9%         N/A       22%         3
 Teleport Other           Tloc           9%         N/A       22%         3
 Manifold Assault         Tloc           9%         N/A       91%         5


Dungeon Overview and Level Annotations

Branches:
Dungeon (1/15)

Altars:


Innate Abilities, Weirdness & Mutations

You are too large for most types of armour.
You have tough skin. (AC +1)


Message History

You kill the endoplasm!
No target in view!
No target in view!
No target in view!
No target in view!
No target in view!
A kobold comes into view. It is wielding a +1 whip of venom.
The kobold shouts!
The kobold hits you but does no damage.
You are poisoned.
You barely miss the kobold.
You feel very sick.
The kobold hits you with a +1 whip of venom. x2
You are more poisoned.
You closely miss the kobold.
You feel very sick. The kobold closely misses you.
You completely miss the kobold.
You feel very sick. The kobold hits you but does no damage.
You are lethally poisoned!
You closely miss the kobold.
You feel very sick.
The kobold hits you with a +1 whip of venom.
* * * LOW HITPOINT WARNING * * *
You are more poisoned.
The kobold closely misses you.
You are too injured to fight recklessly!
You are too injured to fight recklessly!
You are too injured to fight recklessly!
You are too injured to fight recklessly!
You are too injured to fight recklessly!
You are too injured to fight recklessly!
You are too injured to fight recklessly!
You are too injured to fight recklessly!
You hit the kobold but do no damage.
* * * LOW HITPOINT WARNING * * *
You feel very sick.
The kobold hits you with a +1 whip of venom.
You die...

#.######## #........#
###################.#
#.........#########.#
######.#######...........#
.........# ##########..#
.......#.# ########..#
########.# #.........# #
#@######.## #K# #.# #.#
#.# #.# #.# #.# #.# #.#
#.# #.# #.. #.#


You could see a kobold.

Vanquished Creatures
  3 ball pythons (D:1)
  A bat (D:1)
  An endoplasm (D:1)
  A giant cockroach (D:1)
  A frilled lizard (D:1)
  2 goblins (D:1)
  2 kobolds (D:1)
  A rat (D:1)
12 creatures vanquished.

Notes
Turn   | Place    | Note
-------+----------+-------------------------------------------
     0 | D:1      | ChaosChampion the Ogre Warper began the quest for the Orb.
     0 | D:1      | Reached XP level 1. HP: 22/22 MP: 3/3
   147 | D:1      | Found a faded altar of an unknown god.
   151 | D:1      | Reached skill level 3 in Fighting
   272 | D:1      | Reached XP level 2. HP: 22/31 MP: 5/5
   413 | D:1      | Learned a level 2 spell: Blink
   530 | D:1      | Slain by a kobold

Illustrated notes

Levels and vault maps discovered:
D:1:      minmay_arrival_doors, layout_loops_ring, ebering_ecumenical_altar_rust

Skill      XL: |  1 |
---------------+----+-----
Fighting       | 3 |  3.5
Maces & Flails | 2 |  2.1
Throwing       | |  1.0
Dodging        | |  2.1
Spellcasting   | |  2.4
Translocations | |  2.6

Action                   || total
-------------------------++-------
Melee: Mace              ||    37
Armor: Robe              ||    11
Dodge: Dodged            ||    18

Table legend: (Time is in decaauts)
 A = Elapsed time spent in this place.
 B = Non-inter-level travel time spent in this place.
 C = Inter-level travel time spent in this place.
 D = Time resting spent in this place.
 E = Time spent auto-exploring this place.
 F = Levels seen in this place.
 G = Mean time per level.
                   A        B        C        D        E       F      G
               +--------+--------+--------+--------+--------+-----+--------+
         Total |    541 |    541 |      0 |      0 |    449 |   1 |  541.0 |
       Dungeon |    541 |    541 |      0 |      0 |    449 |   1 |  541.0 |
               +--------+--------+--------+--------+--------+-----+--------+

Top non-repeatable levels by time:
     D:1: 541 daAuts
